 Dungeon Sprint DCSS version 0.20-a0-1101-g1de9d76 (webtiles) character file.

6877 potatolord5000 the Peltast (level 10, -3/105 HPs)
             Began as a Minotaur Fighter on May 5, 2017.
             Was an Initiate of Gozag.
             Killed from afar by a catoblepas (7 damage)
             ... with a blast of calcifying dust
             ... in the Dungeon (Sprint IX: "|||||||||||||||||||||||||||||").
             The game lasted 00:06:10 (881 turns).

potatolord5000 the Peltast (Minotaur Fighter)        Turns: 881, Time: 00:06:11

Health: -3/105     AC: 28    Str: 25    XL:     10   Next: 78%
Magic:  9/9        EV:  8    Int:  8    God:    Gozag
Gold:   2538       SH: 14    Dex: 12    Spells: 9/9 levels left

rFire    . . .     SeeInvis .   n - +1 broad axe (chop)
rCold    . . .     Gourm    .   c - +0 shield
rNeg     . . .     Faith    .   p - +4 plate armour
rPois    .         Spirit   .   (helmet restricted)
rElec    .         Reflect  .   a - +2 cloak
rCorr    .         Harm     .   o - +2 pair of gloves
MR       .....     NoTele   +   (no boots)
Stlth    ..........             (no amulet)
Regen    0.3/turn               b - +3 ring of dexterity
MPRegen  0.2/turn               q - +3 ring of intelligence

@: gold aura, very slightly contaminated
A: retaliatory headbutt, horns 2
a: Potion Petition, Call Merchant, Bribe Branch, Renounce Religion


You were in the Dungeon.
You worshipped Gozag.
Gozag was most pleased with you.
You were full.

You visited 1 branch You collected 2538 gold pieces.

Inventory:

Hand Weapons
 n - a +1 broad axe of chopping (weapon)
Armour
 a - a +2 cloak (worn)
 c - a +0 shield (worn)
 o - a +2 pair of gloves (worn)
 p - a +4 plate armour (worn)
Jewellery
 b - a +3 ring of dexterity (left hand)
 q - a +3 ring of intelligence (right hand)
Wands
 m - a wand of lightning (7/15)
Scrolls
 j - 4 scrolls of remove curse
 k - 2 scrolls of blinking
 l - 2 scrolls of amnesia
Potions
 e - 6 potions of curing
 g - 3 potions of heal wounds
 i - 4 potions of magic


   Skills:
 + Level 15.3 Fighting
 + Level 15.1 Axes
 + Level 15.3 Armour
 + Level 15.4 Shields


You had 9 spell levels left.
You didn't know any spells.

Dungeon Overview and Level Annotations

Branches:
Dungeon (1/1)

Altars:
Cheibriados
Dithmenos
Elyvilon
Fedhas
Gozag
Hepliaklqana
Kikubaaqudgha
Makhleb
Nemelex Xobeh
Okawaru
Qazlal
Ru
Sif Muna
Trog
Uskayaw
Vehumet
Wu Jian
Xom
Yredelemnul
Zin
The Shining One
Beogh
Jiyva
Lugonu


Innate Abilities, Weirdness & Mutations

You reflexively headbutt those who attack you in melee.
You have a pair of horns on your head.


Message History

You hit the death yak. You headbutt the death yak.
The death yak is severely wounded.
The death yak gores you!
* * * LOW HITPOINT WARNING * * *
The catoblepas breathes a plume of calcifying dust at you.
The blast of calcifying dust hits the death yak.
The blast of calcifying dust hits you!
* * * LOW HITPOINT WARNING * * *
You hit the death yak but do no damage. You headbutt the death yak.
The death yak is almost dead.
You are engulfed in calcifying dust.
The death yak is engulfed in calcifying dust.
The death yak is moving more slowly.
The death yak gores you!
* * * LOW HITPOINT WARNING * * *
The yak is distracted by the nearby gold.
The catoblepas breathes a plume of calcifying dust at you.
The blast of calcifying dust hits the death yak.
The blast of calcifying dust hits you!
You die...
Your body crumbles into a pile of gold.

$▓.▓.▓
$
▓.▓.▓.▓
▓.▓.▓[▓
$
▓Y▓.▓.▓
▓Y▓.▓.▓
$
▓Y▓.▓)▓
$
▓Y▓.▓|▓
$
▓Y▓.▓.▓
$
▓@▓.▓.▓
$
▓§▓.▓'▓
▓§▓.▓_▓
$
▓.▓.▓_▓
$
▓.▓.▓_▓
$
▓.▓.▓_▓
$
▓.▓.▓_▓
$
▓.▓.▓_▓
$
▓.▓.▓_▓


You could see 2 death yaks, a catoblepas and 2 yaks.

Vanquished Creatures
  2 hydras (D)
  2 catoblepae (D)
  2 centaur warriors (D)
  A spiny frog (D)
  A kobold demonologist (D)
  A blink frog (D)
  2 hippogriffs (D)
  A yak (D)
  3 porcupines (D)
  3 water moccasins (D)
  A sky beast (D)
  2 black bears (D)
  A phantom (D)
  A wolf (D)
  An ogre (D)
  2 crocodiles (D)
  A big kobold (D)
  3 bullfrogs (D)
  A crimson imp (D)
  3 jellies (D)
  An iguana (D)
  An adder (D)
  An adder skeleton (D)
  An orc (D)
  A goblin (D)
  2 hobgoblins (D)
  A kobold (D)
  A rat (D)
43 creatures vanquished.

Notes
Turn   | Place    | Note
-------+----------+-------------------------------------------
     0 | D        | potatolord5000 the Minotaur Fighter began the quest for the Orb.
     0 | D        | Reached XP level 1. HP: 19/19 MP: 0/0
    17 | D        | Noticed a crimson imp
    17 | D        | Noticed a sky beast
    17 | D        | Noticed an iguana
    21 | D        | Killed a crimson imp
    21 | D        | Reached skill level 5 in Fighting
    21 | D        | Reached skill level 5 in Armour
    21 | D        | Reached skill level 5 in Shields
    21 | D        | Reached XP level 2. HP: 26/29 MP: 1/1
    21 | D        | Reached XP level 3. HP: 33/36 MP: 2/2
    22 | D        | Reached skill level 5 in Axes
    33 | D        | Killed a sky beast
    33 | D        | Reached XP level 4. HP: 15/47 MP: 3/3
    33 | D        | Reached XP level 5. HP: 17/52 MP: 4/4
    44 | D        | Found a roughly hewn altar of Beogh.
    44 | D        | Found a snail-covered altar of Cheibriados.
    44 | D        | Found a shadowy altar of Dithmenos.
    44 | D        | Found a white marble altar of Elyvilon.
    44 | D        | Found a blossoming altar of Fedhas.
    44 | D        | Found an opulent altar of Gozag.
    45 | D        | Found a hazy altar of Hepliaklqana.
    46 | D        | Found a viscous altar of Jiyva.
    47 | D        | Found an ancient bone altar of Kikubaaqudgha.
    48 | D        | Found a corrupted altar of Lugonu.
    49 | D        | Found a burning altar of Makhleb.
    50 | D        | Found a sparkling altar of Nemelex Xobeh.
    51 | D        | Found an iron altar of Okawaru.
    52 | D        | Became a worshipper of Gozag Ym Sagoz the Greedy
    53 | D        | Found a stormy altar of Qazlal.
    54 | D        | Found a sacrificial altar of Ru.
    55 | D        | Found a deep blue altar of Sif Muna.
    56 | D        | Found a bloodstained altar of Trog.
    57 | D        | Found a hide-covered altar of Uskayaw.
    58 | D        | Found a radiant altar of Vehumet.
    59 | D        | Found an ornate altar of the Wu Jian Council.
    60 | D        | Found a shimmering altar of Xom.
    61 | D        | Found a basalt altar of Yredelemnul.
    62 | D        | Found a glowing silver altar of Zin.
    63 | D        | Found a glowing golden altar of the Shining One.
   253 | D        | Noticed an ogre
   253 | D        | Noticed a phantom
   266 | D        | Reached XP level 6. HP: 45/62 MP: 5/5
   279 | D        | Reached XP level 7. HP: 43/71 MP: 6/6
   409 | D        | Noticed a kobold demonologist
   409 | D        | Noticed a centaur warrior
   409 | D        | Noticed a centaur warrior
   414 | D        | Reached skill level 10 in Fighting
   414 | D        | Reached skill level 10 in Armour
   414 | D        | Reached skill level 10 in Shields
   426 | D        | Killed a centaur warrior
   426 | D        | Reached XP level 8. HP: 80/82 MP: 7/7
   435 | D        | Killed a centaur warrior
   442 | D        | Killed a kobold demonologist
   442 | D        | Reached XP level 9. HP: 83/92 MP: 8/8
   579 | D        | Noticed a four-headed hydra
   580 | D        | Noticed a spiny frog
   606 | D        | Killed an eight-headed hydra
   610 | D        | Killed a spiny frog
   611 | D        | Reached XP level 10. HP: 103/103 MP: 9/9
   629 | D        | Noticed a four-headed hydra
   642 | D        | Killed a 14-headed hydra
   813 | D        | Noticed a catoblepas
   813 | D        | Noticed a death yak
   813 | D        | Noticed a catoblepas
   813 | D        | Noticed a catoblepas
   821 | D        | Noticed a death yak
   855 | D        | Killed a catoblepas
   855 | D        | Reached skill level 15 in Fighting
   855 | D        | Reached skill level 15 in Armour
   855 | D        | Reached skill level 15 in Shields
   869 | D        | Killed a catoblepas
   869 | D        | Reached skill level 15 in Axes
   881 | D        | HP: 4/105 [death yak (13)]
   881 | D        | Killed from afar by a catoblepas

Vault maps used:
D:        linesprint

Skill      XL: |  1  2  3  4  5  6  7  8  9 10 |
---------------+-------------------------------+-----
Fighting       | 5 7 8 9 11 12 14 15 | 15.3
Axes           | 4 6 8 9 11 12 13 15 | 15.1
Armour         | 5 7 8 9 11 12 13 15 | 15.3
Shields        | 5 7 8 9 11 12 13 15 | 15.4

Action                   |  1- 3 |  4- 6 |  7- 9 | 10-12 || total
-------------------------+-------+-------+-------+-------++-------
Melee: War axe           |    21 |     4 |       |       ||    25
       Headbutt          |     4 |     3 |    17 |    15 ||    39
       Broad axe         |       |    23 |    64 |    53 ||   140
Invok: Potion Petition   |       |       |       |     1 ||     1
  Use: Potion            |     2 |     2 |     3 |     2 ||     9
       Scroll            |       |       |     8 |       ||     8
 Stab: Distracted        |       |       |       |     2 ||     2
       Invisible         |       |       |       |     2 ||     2
       Petrified         |       |       |       |     1 ||     1
  Eat: Bread ration      |       |     1 |       |       ||     1
Armor: Scale mail        |     7 |       |       |       ||     7
       Plate armour      |       |    12 |    25 |    66 ||   103
Dodge: Dodged            |     3 |     1 |     9 |    24 ||    37
Block: Shield            |     6 |    16 |    34 |    33 ||    89
